 Dungeon Crawl Stone Soup version 0.28.0-45-g0d030f2227 (webtiles) character file.

Game seed: 9817057843619307879

39 MisterFreud the Sneak (level 3, 0/21 HPs)
             Began as a Vampire Brigand on Mar 31, 2022.
             Was a Follower of Vehumet.
             Slain by a hobgoblin (5 damage)
             ... on level 2 of the Dungeon.
             The game lasted 00:02:34 (1009 turns).

MisterFreud the Sneak (Vampire Brigand)             Turns: 1009, Time: 00:02:35

Health: 0/21       AC:  0    Str:  8 (10) XL:     3   Next: 28%
Magic:  3/3        EV: 18    Int: 13 (15) God:    Vehumet [*.....]
Gold:   14         SH:  0    Dex: 18 (20) Spells: 1/2 levels left

rFire   . . .      SeeInvis +   (weapon currently unavailable)
rCold   + + .      Faith    .   (shield currently unavailable)
rNeg    + + +      Spirit   .   (armour currently unavailable)
rPois   ∞          Reflect  .   (helmet currently unavailable)
rElec   .          Harm     .   (cloak currently unavailable)
rCorr   .          Rampage  .   (gloves currently unavailable)
Will    .....                   (boots currently unavailable)
Stlth   +++++.....              g - amulet of magic regeneration
HPRegen 0.00/turn               (ring currently unavailable)
MPRegen 0.48/turn               (ring currently unavailable)

@: bat-form, flying, bloodless, inhibited regen, very quick
A: fast, flying, no casting, tiny, bloodless, fangs 3, see invisible, vampiric 2
a: Revivify, End Transformation, Renounce Religion


You were on level 2 of the Dungeon.
You worshipped Vehumet.
Vehumet was aware of your devotion.
You were a vampire bat.
You visited 1 branch of the dungeon, and saw 2 of its levels.

You collected 64 gold pieces.
You spent 50 gold pieces at shops.

Inventory:

Hand Weapons
 a - a +2 dagger (melded)
Missiles
 d - 8 poisoned darts (quivered)
 e - 2 curare-tipped darts
Armour
 b - a +0 robe (melded)
 c - a +0 cloak (melded)
Jewellery
 g - an amulet of magic regeneration (around neck)
Scrolls
 h - 3 scrolls of magic mapping {unknown}
 i - a scroll of teleportation
 k - a scroll of amnesia {unknown}
 m - 3 scrolls of identify {unknown}
 n - a scroll of noise {unknown}
Potions
 f - a potion of heal wounds {unknown}
 j - a potion of magic {unknown}
 l - a potion of cancellation {unknown}


   Skills:
 - Level 1.7 Fighting
 - Level 4.0 Short Blades
 - Level 1.5 Throwing
 + Level 1.2 Dodging
 - Level 6.0 Stealth
 + Level 0.1 Unarmed Combat


You had one spell level left.
You knew the following spells:

 Your Spells              Type           Power      Damage    Failure   Level
a - Magic Dart            Conj           0%         1d3       30%         1

Your spell library contained the following spells:

 Spells                   Type           Power      Damage    Failure   Level


Dungeon Overview and Level Annotations

Branches:
Dungeon (2/15)

Altars:
Vehumet
Zin

Shops:
D:2 *


Innate Abilities, Weirdness & Mutations

You are a vampire bat.
You are tiny and dextrous.
You move quickly.
You are flying.
You are immune to poison.
Your equipment is almost entirely melded.
You are incapable of wielding weapons or throwing items.
You cannot cast spells.
You do not regenerate when monsters are visible.
You are frail without blood (-20% HP).
You can heal yourself when you bite living creatures.
You are immune to poison.
You have razor-sharp teeth.
You have supernaturally acute eyesight. (SInv)
You are afflicted with vampirism and can become a bat while bloodless.


Message History

The hobgoblin completely misses you.
You hit the hobgoblin but do no damage. The hobgoblin closely misses you.
You hit the hobgoblin but do no damage. The hobgoblin hits you.
You barely miss the hobgoblin. The hobgoblin closely misses you.
You hit the hobgoblin but do no damage. The hobgoblin closely misses you.
You barely miss the hobgoblin. You bite the hobgoblin.
You draw the hobgoblin's blood!
You feel better.
The hobgoblin is severely wounded.
The hobgoblin hits you.
You barely miss the hobgoblin.
The hobgoblin is severely wounded.
The hobgoblin hits you.
You hit the hobgoblin but do no damage.
The hobgoblin is severely wounded.
The hobgoblin hits you.
You hit the hobgoblin but do no damage. You bite the hobgoblin.
You draw the hobgoblin's blood!
You feel better.
The hobgoblin is almost dead.
The hobgoblin misses you.
You hit the hobgoblin but do no damage.
The hobgoblin is almost dead.
The hobgoblin misses you.
You hit the hobgoblin but do no damage.
The hobgoblin is almost dead.
The hobgoblin misses you.
You barely miss the hobgoblin.
The hobgoblin is almost dead.
The hobgoblin hits you.
* * * LOW HITPOINT WARNING * * *
You barely miss the hobgoblin.
The hobgoblin is almost dead.
The hobgoblin hits you.
* * * LOW HITPOINT WARNING * * *
You hit the hobgoblin but do no damage. Your bite misses the hobgoblin.
The hobgoblin is almost dead.
The hobgoblin completely misses you.
You hit the hobgoblin but do no damage.
The hobgoblin is almost dead.
The hobgoblin hits you.
You die...

#.......# ..###
#.#####.########.#
####..............
##
.?........#######.
##.<.....#
#......>#
#.......#
#.......#
#..b....#
#.g.....#
#.......#
#.......#
#.....>.#
#....?..#
#########


You could see a hobgoblin.

Vanquished Creatures
  An adder (D:2)
  A gnoll (D:1)
  3 endoplasms (D:1)
  2 goblins (D:1)
  A hobgoblin (D:2)
  2 kobolds (D:2)
  2 quokkas (D:2)
  3 ball pythons (D:1)
  A bat (D:1)
  3 frilled lizards (D:1)
  2 rats (D:1)
21 creatures vanquished.

Notes
Turn   | Place    | Note
-------+----------+-------------------------------------------
     0 | D:1      | MisterFreud the Vampire Brigand began the quest for the
                  | Orb.
     0 | D:1      | Reached XP level 1. HP: 16/16 MP: 1/1
    50 | D:1      | Reached skill level 6 in Stealth
   164 | D:1      | Reached XP level 2. HP: 14/22 MP: 2/2
   237 | D:1      | Found a faded altar of an unknown god.
   248 | D:1      | Prayed at the altar of an unknown god.
   248 | D:1      | Became a worshipper of Vehumet
   248 | D:1      | Reached * piety under Vehumet
   248 | D:1      | Offered knowledge of Magic Dart by Vehumet.
   271 | D:1      | Learned a level 1 spell: Magic Dart
   526 | D:2      | Found Soilag's Assorted Antiques.
   545 | D:2      | Gained mutation: You are afflicted with vampirism and can
                  | become a bat while bloodless. [Vampire growth]
   545 | D:2      | Reached XP level 3. HP: 17/27 MP: 3/3
   585 | D:2      | Bought a scroll labelled JOLYNO LESKE for 25 gold pieces
   585 | D:2      | Bought a scroll labelled MOIGOE IVAEF for 25 gold pieces
   644 | D:2      | Identified the +4 chain mail "Bythimn" {Harm Str+5}
  1009 | D:2      | Slain by a hobgoblin

Illustrated notes

Levels and vault maps discovered:
D:1:      dpeg_arrival_simpleton_c, layout_rooms,
          nicolae_ecumenical_snake_handling, minmay_heptomino_o4
D:2:      layout_loops_cross, serial_shops, shop, basic_altar,
          uniq_crazy_yiuf_cottage, uniq_robin

Skill      XL: |  1  2  3 |
---------------+----------+-----
Stealth        | 6 |  6.0
Short Blades   | 3 4 |  4.0
Fighting       | |  1.7
Throwing       | |  1.5
Dodging        | |  1.2
Unarmed Combat | |  0.1

Action                   || total
-------------------------++-------
Melee: Dagger            ||    34
       Bite              ||    10
       Unarmed           ||    40
 Abil: Bat Form          ||     1
       Exsanguinate      ||     1
  Use: Scroll            ||     1
 Stab: Sleeping          ||    10
Armor: Robe              ||     2
Dodge: Dodged            ||    37
